AoeStats
← DirtyRat4578

Oasis

510217876Analyzed
3v3 RM · 1d ago on Sep 30, 2026· 52m 47s· 6 players
Game mode
Random Map
Map size
Normal (6 player)
Population
200
Speed
Normal
Resources
Standard
Victory
Conquest
Starting age
Dark Age
Ending age
Imperial Age
RankedLock teamsTeams togetherTeam positionsShared explorationLock speedFull tech treeHidden civsTurbo modeCheats
Victory
Defeat
🇬🇧 Inca · United Kingdom
1326
+8
🇺🇸 Varangians · United States
1256
+10
🇺🇸 Italians · United States
1080
+19
🇹🇳 Portuguese · Tunisia
1214
-15
🇫🇷 Mongols · France
1196
-15
🇩🇪 Romans · Germany
973
-7
Jiggy
6:27 Loom
9:33 Feudal Age
12:31 Man-at-Arms
14:25 Double-Bit Axe
15:24 Arson
17:30 Wheelbarrow
17:00 Horse Collar
22:18 Castle Age
23:31 Bloodlines
22:56 Pikeman
39:40 Hand Cart
45:47 Imperial Age
ADCorGG
8:25 Feudal Age
8:33 Man-at-Arms
11:43 Loom
11:59 Arson
16:12 Double-Bit Axe
26:39 Castle Age
24:34 Horse Collar
26:51 Bloodlines
28:18 Scale Barding Armor
36:33 Pikeman
Sosa3Hunned
2:39 Loom
10:36 Feudal Age
11:21 Horse Collar
11:30 Double-Bit Axe
20:14 Castle Age
18:53 Man-at-Arms
19:59 Scale Mail Armor
20:11 Forging
21:05 Squires
24:45 Bow Saw
24:40 Heavy Plow
25:21 Wheelbarrow
24:35 Pikeman
24:59 Long Swordsman
26:23 Iron Casting
37:57 Imperial Age
37:56 Chain Mail Armor
39:51 Halberdier
45:38 Legionary
47:46 Blast Furnace
onesecimpoopin
7:26 Loom
10:00 Feudal Age
10:25 Double-Bit Axe
10:21 Horse Collar
11:42 Wheelbarrow
16:23 Forging
16:55 Bloodlines
17:39 Scale Barding Armor
23:28 Castle Age
23:17 Gold Mining
23:15 Town Watch
23:55 Light Cavalry
24:35 Husbandry
25:22 Hand Cart
30:06 Chain Barding Armor
30:26 Iron Casting
34:36 Vendel Legacy
43:24 Imperial Age
44:25 Conscription
43:33 Cavalier
44:49 Plate Barding Armor
45:15 Blast Furnace
DirtyRat4578
6:49 Loom
9:31 Loom
11:20 Feudal Age
16:41 Double-Bit Axe
25:17 Fletching
25:28 Padded Archer Armor
29:52 Castle Age
34:45 Thumb Ring
39:24 Bodkin Arrow
39:45 Leather Archer Armor
46:08 Imperial Age
43:27 Crossbowman
45:33 Ballistics
46:01 Bow Saw
45:47 Gold Mining
45:43 Horse Collar
48:01 Chemistry
47:11 Crossbowman
48:26 Ring Archer Armor
52:07 Bracer
Calum1Ltv
11:14 Loom
13:22 Feudal Age
14:26 Double-Bit Axe
20:13 Castle Age
18:38 Horse Collar
20:31 Fletching
20:17 Crossbowman
21:25 Bow Saw
23:30 Bodkin Arrow
24:50 Padded Archer Armor
27:57 Wheelbarrow
30:29 Champi Runner
31:10 Squires
33:09 Hand Cart
35:42 Imperial Age
35:12 Scale Mail Armor
35:23 Forging
36:54 Chain Mail Armor
37:26 Iron Casting
37:17 Conscription
37:10 Arson
37:33 Pikeman
37:51 Pikeman
38:44 Heavy Plow
38:34 Gold Mining
38:31 Halberdier
40:06 Plate Mail Armor
40:24 Fabric Shields
40:15 Champi Warrior
41:53 Redemption
43:10 Blast Furnace
43:45 Bracer
44:55 Hoardings
44:34 Capped Ram
44:51 Elite Kamayuk
46:39 Leather Archer Armor
46:32 Siege Engineers
47:27 Chemistry
47:54 Ring Archer Armor
48:59 Caravan
48:54 Siege Ram
52:17 Spies/Treason
Connection lost

Rejoining the realm…

Still unreachable

The connection could not be restored.

Session expired

The server has moved on; the page needs a fresh start.